TOP OF THE 1ST |
Ft. Polk South Thunder Hawks batting - Pitching for Lancaster Farmers : LHP Sergio Zamora
|
Pitching: LHP Sergio Zamora
|
|
Batting: SHB David Martínez
|
0-0: Ball 1-0: Swinging Strike 1-1: Called Strike 1-2: Ball 2-2: Strikes out swinging, 2-3 out at first.
|
Batting: RHB Peter Feng
|
0-0: Swinging Strike 0-1: Ball 1-1: Foul Ball, location: 2F 1-2: Foul Ball, location: 2F 1-2: Strikes out swinging
|
Batting: RHB Borja Berrios
|
0-0: Called Strike 0-1: Ball 1-1: Fly out, F8 (Flyball, 8RS)
|
Top of the 1st over - 0 runs, 0 hits, 0 errors, 0 left on base; Ft. Polk South 0 - Lancaster 0 |
BOTTOM OF THE 1ST |
Lancaster Farmers batting - Pitching for Ft. Polk South Thunder Hawks : RHP José Molina
|
Pitching: RHP José Molina
|
|
Batting: SHB Robert La Caze
|
0-0: Fly out, F9 (Flyball, 9S)
|
Batting: RHB Woodrow Terrebonne
|
0-0: Ball 1-0: Ball 2-0: Called Strike 2-1: Ground out 3-1 (Groundball, 34S)
|
Batting: LHB Mark Armstead
|
0-0: Ball 1-0: Called Strike 1-1: Swinging Strike 1-2: Strikes out looking
|
Bottom of the 1st over - 0 runs, 0 hits, 0 errors, 0 left on base; Ft. Polk South 0 - Lancaster 0 |
TOP OF THE 2ND |
Ft. Polk South Thunder Hawks batting - Pitching for Lancaster Farmers : LHP Sergio Zamora
|
Batting: RHB José Morín
|
0-0: Swinging Strike 0-1: Swinging Strike 0-2: Foul Ball, location: 2F 0-2: Ball 1-2: Ball 2-2: Strikes out looking
|
Batting: RHB Alejandro Santiago
|
0-0: Foul Ball, location: 2F 0-1: Called Strike 0-2: Ball 1-2: Ball 2-2: Foul Ball, location: 2F 2-2: Strikes out swinging
|
Batting: RHB Turner Buccigross
|
0-0: Called Strike 0-1: Ball 1-1: Ball 2-1: Foul Ball, location: 2F 2-2: Foul Ball, location: 2F 2-2: Foul Ball, location: 2F 2-2: SINGLE (Line Drive, 56D)
|
Batting: RHB Erik Sterk
|
0-0: SINGLE (Flyball, 8LS) Turner Buccigross to second
|
Batting: RHB Luis Oliva
|
0-0: Called Strike 0-1: Ball 1-1: Fielders Choice at 2nd, 6-4 (Groundball, 6)
|
Top of the 2nd over - 0 runs, 2 hits, 0 errors, 2 left on base; Ft. Polk South 0 - Lancaster 0 |
BOTTOM OF THE 2ND |
Lancaster Farmers batting - Pitching for Ft. Polk South Thunder Hawks : RHP José Molina
|
Batting: RHB Gabe Cain
|
0-0: Called Strike 0-1: Swinging Strike 0-2: Ball 1-2: Fly out, F3 (Line Drive, 3)
|
Batting: LHB Carlos Germán
|
0-0: Swinging Strike 0-1: Swinging Strike 0-2: Ground out 3-1 (Groundball, 34S)
|
Batting: RHB Juan Pedraza
|
0-0: Called Strike 0-1: Foul Ball, location: 2F 0-2: Ball 1-2: DOUBLE (Line Drive, 9D)
|
Batting: RHB Pedro Torres
|
0-0: Ball 1-0: Ball 2-0: Called Strike 2-1: Ball 3-1: Called Strike 3-2: Foul Ball, location: 2F 3-2: SINGLE (Line Drive, 6MD) Juan Pedraza to third Juan Pedraza scores
|
Batting: SHB Sven Spee
|
0-0: Called Strike 0-1: SINGLE (Groundball, 4D) Pedro Torres to second Runner from 2nd tries for 3rd, SAFE, throw made to third Sven Spee to second
|
Batting: RHB Cosmo Castanhedo
|
0-0: Ball 1-0: Ball 2-0: Ball 3-0: Called Strike 3-1: Base on Balls
|
Batting: SHB Robert La Caze
|
0-0: SINGLE (Line Drive, 6D) Pedro Torres scores Sven Spee to third Cosmo Castanhedo to second Runner from 3rd tries for Home, SAFE, no throw
|
Batting: RHB Woodrow Terrebonne
|
0-0: Called Strike 0-1: Ball 1-1: Called Strike 1-2: Fielders Choice at 2nd, 5-4 (Groundball, 5)
|
Bottom of the 2nd over - 3 runs, 4 hits, 0 errors, 2 left on base; Ft. Polk South 0 - Lancaster 3 |
TOP OF THE 3RD |
Ft. Polk South Thunder Hawks batting - Pitching for Lancaster Farmers : LHP Sergio Zamora
|
Batting: RHB Chan-Wook Park
|
0-0: Ball 1-0: Fly out, F5 (Popup, 25F)
|
Batting: SHB David Martínez
|
0-0: Called Strike 0-1: Foul Ball, location: 2F 0-2: Ball 1-2: Foul Ball, location: 2F 1-2: Ground out 3-1 (Groundball, 34S)
|
Batting: RHB Peter Feng
|
0-0: Fly out, F7 (Flyball, 78S)
|
Top of the 3rd over - 0 runs, 0 hits, 0 errors, 0 left on base; Ft. Polk South 0 - Lancaster 3 |
BOTTOM OF THE 3RD |
Lancaster Farmers batting - Pitching for Ft. Polk South Thunder Hawks : RHP José Molina
|
Batting: LHB Mark Armstead
|
0-0: Ball 1-0: Foul Ball, location: 2F 1-1: Ball 2-1: Called Strike 2-2: Strikes out swinging
|
Batting: RHB Gabe Cain
|
0-0: SINGLE (Line Drive, 34D)
|
Batting: LHB Carlos Germán
|
0-0: Ball 1-0: Swinging Strike 1-1: Ball 2-1: Grounds out, U3 (Groundball, 3L)
|
Batting: RHB Juan Pedraza
|
0-0: Called Strike 0-1: Swinging Strike 0-2: Foul Ball, location: 2F 0-2: Ball 1-2: Strikes out looking
|
Bottom of the 3rd over - 0 runs, 1 hit, 0 errors, 1 left on base; Ft. Polk South 0 - Lancaster 3 |
TOP OF THE 4TH |
Ft. Polk South Thunder Hawks batting - Pitching for Lancaster Farmers : LHP Sergio Zamora
|
Batting: RHB Borja Berrios
|
0-0: Ball 1-0: Called Strike 1-1: Ball 2-1: Ball 3-1: Base on Balls
|
Batting: RHB José Morín
|
0-0: Ball 1-0: DOUBLE (Groundball, 5L) Borja Berrios to third Runner from 3rd tries for Home, SAFE, throw made at trailing runner, OUT at third!
|
Batting: RHB Alejandro Santiago
|
0-0: Ground out 6-3 (Groundball, 6)
|
Batting: RHB Turner Buccigross
|
0-0: Called Strike 0-1: Ball 1-1: Ground out 6-3 (Groundball, 6)
|
Top of the 4th over - 1 run, 1 hit, 0 errors, 0 left on base; Ft. Polk South 1 - Lancaster 3 |
BOTTOM OF THE 4TH |
Lancaster Farmers batting - Pitching for Ft. Polk South Thunder Hawks : RHP José Molina
|
Batting: RHB Pedro Torres
|
0-0: Called Strike 0-1: Ball 1-1: Ball 2-1: Ball 3-1: Ground out 5-3 (Groundball, 56)
|
Batting: SHB Sven Spee
|
0-0: Called Strike 0-1: Foul Ball, location: 2F 0-2: Foul Ball, location: 2F 0-2: Strikes out swinging
|
Batting: RHB Cosmo Castanhedo
|
0-0: Called Strike 0-1: Ball 1-1: Foul Ball, location: 2F 1-2: Fly out, F9 (Line Drive, 9D)
|
Bottom of the 4th over - 0 runs, 0 hits, 0 errors, 0 left on base; Ft. Polk South 1 - Lancaster 3 |
TOP OF THE 5TH |
Ft. Polk South Thunder Hawks batting - Pitching for Lancaster Farmers : LHP Sergio Zamora
|
Batting: RHB Erik Sterk
|
0-0: Swinging Strike 0-1: Foul Ball, location: 2F 0-2: Fly out, F8 (Line Drive, 8LS)
|
Batting: RHB Luis Oliva
|
0-0: Called Strike 0-1: Ball 1-1: Ball 2-1: Ball 3-1: Foul Ball, location: 2F 3-2: Reached on error, E6 (Groundball, 6)
|
Batting: RHB Chan-Wook Park
|
0-0: Called Strike 0-1: Ball 1-1: Swinging Strike 1-2: Ball 2-2: Ball 3-2: Strikes out swinging
|
Batting: SHB David Martínez
|
0-0: Ball 1-0: Ground out 5-3 (Groundball, 56)
|
Top of the 5th over - 0 runs, 0 hits, 1 error, 1 left on base; Ft. Polk South 1 - Lancaster 3 |
BOTTOM OF THE 5TH |
Lancaster Farmers batting - Pitching for Ft. Polk South Thunder Hawks : RHP José Molina
|
Batting: SHB Robert La Caze
|
0-0: Ball 1-0: Ball 2-0: Ball 3-0: Base on Balls
|
Batting: RHB Woodrow Terrebonne
|
0-0: Called Strike 0-1: Ball 1-1: Called Strike 1-2: Fly out, F3 (Popup, 3S)
|
Batting: LHB Mark Armstead
|
0-0: Ball 1-0: Ball 2-0: Called Strike 2-1: Fly out, F9 (Flyball, 9LD)
|
Batting: RHB Gabe Cain
|
0-0: Ball 1-0: Ball 2-0: Foul Ball, location: 2F 2-1: Swinging Strike 2-2: Strikes out looking
|
Bottom of the 5th over - 0 runs, 0 hits, 0 errors, 1 left on base; Ft. Polk South 1 - Lancaster 3 |
TOP OF THE 6TH |
Ft. Polk South Thunder Hawks batting - Pitching for Lancaster Farmers : LHP Sergio Zamora
|
Batting: RHB Peter Feng
|
0-0: Ball 1-0: Ball 2-0: Bunt missed! 2-1: Ball 3-1: Ground out 5-3 (Groundball, 5L)
|
Batting: RHB Borja Berrios
|
0-0: Called Strike 0-1: Ball 1-1: Foul Ball, location: 2F 1-2: Ball 2-2: Foul Ball, location: 2F 2-2: Ball 3-2: Foul Ball, location: 2F 3-2: SINGLE (Popup, 3D)
|
Batting: RHB José Morín
|
0-0: Ball 1-0: Ball 2-0: Called Strike 2-1: Ball 3-1: Swinging Strike 3-2: Base on Balls Borja Berrios to second
|
Batting: RHB Alejandro Santiago
|
0-0: Ball 1-0: Ball 2-0: Foul Ball, location: 2F 2-1: Foul Ball, location: 2F 2-2: Ball 3-2: DOUBLE (Flyball, 89XD) Borja Berrios scores José Morín to third
|
Batting: RHB Turner Buccigross
|
0-0: Foul Ball, location: 2F 0-1: Ball 1-1: Foul Ball, location: 2F 1-2: Ground out 4-3 (Groundball, 6MD)
|
Batting: RHB Erik Sterk
|
0-0: Ball 1-0: Ball 2-0: Fly out, F5 (Line Drive, 56S)
|
Top of the 6th over - 1 run, 2 hits, 0 errors, 2 left on base; Ft. Polk South 2 - Lancaster 3 |
BOTTOM OF THE 6TH |
Lancaster Farmers batting - Pitching for Ft. Polk South Thunder Hawks : RHP José Molina
|
Batting: LHB Carlos Germán
|
0-0: Called Strike 0-1: Called Strike 0-2: Ball 1-2: Ball 2-2: Strikes out swinging
|
Batting: RHB Juan Pedraza
|
0-0: Ground out 6-3 (Groundball, 6D)
|
Batting: RHB Pedro Torres
|
0-0: Called Strike 0-1: Ball 1-1: DOUBLE (Flyball, 8LXD)
|
Batting: SHB Sven Spee
|
0-0: Called Strike 0-1: Ball 1-1: Ground out 6-3 (Groundball, 6)
|
Bottom of the 6th over - 0 runs, 1 hit, 0 errors, 1 left on base; Ft. Polk South 2 - Lancaster 3 |
TOP OF THE 7TH |
Ft. Polk South Thunder Hawks batting - Pitching for Lancaster Farmers : LHP Sergio Zamora
|
Batting: RHB Luis Oliva
|
0-0: Ground out 6-3 (Groundball, 6)
|
Batting: RHB Chan-Wook Park
|
0-0: Ball 1-0: Ball 2-0: DOUBLE (Line Drive, 78D)
|
Pitching: LHP Ammuc Mwenda
|
|
Pinch Hitting: RHB Aaron Dixon
|
0-0: Called Strike 0-1: Ball 1-1: Called Strike 1-2: Ball 2-2: Strikes out swinging
|
Batting: RHB Peter Feng
|
0-0: Ball 1-0: Swinging Strike 1-1: Swinging Strike 1-2: DOUBLE (Flyball, 8RD) Chan-Wook Park scores
|
Batting: RHB Borja Berrios
|
0-0: Called Strike 0-1: Foul Ball, location: 2F 0-2: SINGLE (Groundball, 56) (infield hit) Peter Feng to third
|
Batting: RHB José Morín
|
0-0: Ball 1-0: 3-RUN HOME RUN (Flyball, 7LD), Distance : 375 ft
|
Pitching: LHP Terence Pasamonte
|
|
Batting: RHB Alejandro Santiago
|
0-0: Ball 1-0: Foul Ball, location: 2F 1-1: Foul Ball, location: 2F 1-2: Ball 2-2: Ball 3-2: Ground out 6-3 (Groundball, 6S)
|
Top of the 7th over - 4 runs, 4 hits, 0 errors, 0 left on base; Ft. Polk South 6 - Lancaster 3 |
BOTTOM OF THE 7TH |
Lancaster Farmers batting - Pitching for Ft. Polk South Thunder Hawks : RHP José Molina
|
Now in RF: Aaron Dixon
|
|
Batting: RHB Cosmo Castanhedo
|
0-0: Called Strike 0-1: Ball 1-1: Fly out, F8 (Flyball, 8RD)
|
Batting: SHB Robert La Caze
|
0-0: Swinging Strike 0-1: Ball 1-1: Ball 2-1: Foul Ball, location: 2F 2-2: Strikes out swinging
|
Batting: RHB Woodrow Terrebonne
|
0-0: Ball 1-0: Called Strike 1-1: DOUBLE (Groundball, 5L)
|
Pitching: RHP Joey Hamman
|
|
Batting: LHB Mark Armstead
|
0-0: Swinging Strike 0-1: Ball 1-1: Ball 2-1: Ball 3-1: 2-RUN HOME RUN (Flyball, 78XD), Distance : 429 ft
|
Batting: RHB Gabe Cain
|
0-0: SINGLE (Line Drive, 8RS)
|
Batting: LHB Carlos Germán
|
0-0: Called Strike 0-1: Ball 1-1: Ball 2-1: Called Strike 2-2: SINGLE (Groundball, 34D) Gabe Cain to second Runner from 2nd tries for 3rd, SAFE, no throw
|
Pinch Hitting: LHB Pancho Farías
|
0-0: SINGLE (Flyball, 89M) Gabe Cain scores Carlos Germán to second Runner from 2nd tries for 3rd, SAFE, no throw
|
Batting: RHB Pedro Torres
|
0-0: Swinging Strike 0-1: Ball 1-1: SINGLE (Line Drive, 9S) Carlos Germán scores Pancho Farías to second Runner from 2nd tries for 3rd, SAFE, no throw
|
Batting: SHB Sven Spee
|
0-0: Ground out U3 (Groundball, 34S)
|
Bottom of the 7th over - 4 runs, 6 hits, 0 errors, 2 left on base; Ft. Polk South 6 - Lancaster 7 |
TOP OF THE 8TH |
Ft. Polk South Thunder Hawks batting - Pitching for Lancaster Farmers : LHP Terence Pasamonte
|
Now in RF: Pancho Farías
|
|
Batting: RHB Turner Buccigross
|
0-0: Ball 1-0: Ball 2-0: Ground out 4-3 (Groundball, 4)
|
Batting: RHB Erik Sterk
|
0-0: Ball 1-0: Swinging Strike 1-1: Ball 2-1: Fly out, F7 (Flyball, 78M)
|
Batting: RHB Luis Oliva
|
0-0: Called Strike 0-1: Ball 1-1: Foul Ball, location: 2F 1-2: Foul Ball, location: 2F 1-2: Strikes out swinging, 2-3 out at first.
|
Top of the 8th over - 0 runs, 0 hits, 0 errors, 0 left on base; Ft. Polk South 6 - Lancaster 7 |
BOTTOM OF THE 8TH |
Lancaster Farmers batting - Pitching for Ft. Polk South Thunder Hawks : RHP Joey Hamman
|
Pitching: RHP Tommy Rowe
|
|
Batting: RHB Cosmo Castanhedo
|
0-0: Ball 1-0: Called Strike 1-1: Ball 2-1: Called Strike 2-2: Ball 3-2: Base on Balls
|
Pinch Runner at 1st Danijel van Aalten:
|
|
Batting: SHB Robert La Caze
|
0-0: Ball 1-0: Sac Bunt - play at first, batter OUT! 1-4 Danijel van Aalten to second
|
Batting: RHB Woodrow Terrebonne
|
0-0: Called Strike 0-1: Ball 1-1: Fly out, F6 (Line Drive, 6)
|
Batting: LHB Mark Armstead
|
0-0: Called Strike 0-1: Ball 1-1: Swinging Strike 1-2: Ball 2-2: Foul Ball, location: 2F 2-2: Strikes out looking
|
Bottom of the 8th over - 0 runs, 0 hits, 0 errors, 1 left on base; Ft. Polk South 6 - Lancaster 7 |
TOP OF THE 9TH |
Ft. Polk South Thunder Hawks batting - Pitching for Lancaster Farmers : LHP Terence Pasamonte
|
Pitching: RHP Raúl Nieto
|
|
Now at SS: Edgardo Castro
|
|
Pinch Hitting: LHB Tim Stinson
|
0-0: Ball 1-0: Swinging Strike 1-1: Ball 2-1: Foul Ball, location: 2F 2-2: Foul Ball, location: 2F 2-2: SINGLE (Line Drive, 34)
|
Pinch Runner at 1st Álex Castillo:
|
|
Batting: RHB Aaron Dixon
|
0-0: Ball 1-0: Fly out, F7 (Flyball, 78D)
|
Batting: RHB Peter Feng
|
0-0: Ball 1-0: Called Strike 1-1: Ball 2-1: Ball 3-1: Base on Balls Álex Castillo to second
|
Batting: RHB Borja Berrios
|
0-0: Foul Ball, location: 2F 0-1: Ball 1-1: Swinging Strike 1-2: Strikes out swinging
|
Batting: RHB José Morín
|
0-0: Ball 1-0: Swinging Strike 1-1: Fly out, F3 (Line Drive, 3S)
|
Top of the 9th over - 0 runs, 1 hit, 0 errors, 2 left on base; Ft. Polk South 6 - Lancaster 7 |
|